 Dungeon Sprint DCSS version 0.31-a0-18-gea43df2a32 (webtiles) character file.

Game seed: 14800440817896762982

3840 sircluck the Brawler (level 9, -1/153 HPs)
             Began as a Troll Berserker on May 10, 2023.
             Was a High Priest of Trog.
             Slain by a flying skull (7 damage)
             ... in the Dungeon (Sprint II: "The Violet Keep of Menkaure").
             The game lasted 00:02:02 (453 turns).

sircluck the Brawler (Troll Berserker)               Turns: 453, Time: 00:02:03

Health: -1/153     AC:  4    Str: 31    XL:     9   Next: 98%
Magic:  8/8        EV: 12    Int:  3    God:    Trog [*****.]
Gold:   972        SH:  0    Dex:  9    Spells: 8/8 levels left

rFire   . .          .
                       - Unarmed
rCold   . . .        (no shield)
rNeg    . . .        a - +0 animal skin
rPois   .            (helmet restricted)
rElec   .            (no cloak)
rCorr   .            (gloves unavailable)
SInv    .            (boots unavailable)
Will    .....        (no amulet) Stlth
                     (no ring)
HPRegen 1.25/turn    (no ring)
MPRegen 0.11/turn

%: no teleportation
@: berserking (expiring), very quick
A: large, unfitting armour, claws 3, regeneration 1, shaggy fur 1, tough skin 1
a: Renounce Religion, Berserk, Trog's Hand, Brothers in Arms


You were in the Dungeon.
You worshipped Trog.
Trog was extremely pleased with you.
You visited 1 branch You collected 972 gold pieces.

Inventory:

Armour
 a - a +0 animal skin (worn)
Scrolls
 h - 2 scrolls of identify {unknown}
Potions
 d - a potion of haste
 e - 2 potions of magic
 f - a potion of berserk rage


   Skills:
 + Level 10.6 Fighting
 + Level 10.5 Dodging
 + Level 16.1 Unarmed Combat


You had 8 spell levels left.
You didn't know any spells.
Your spell library was empty.

Dungeon Overview and Level Annotations

Branches:
Dungeon (1/1)

Altars:

Shops:
D =[?(!?=?*[:=

Annotations:
D exclusion: orange crystal statue


Innate Abilities, Weirdness & Mutations

You are too large for most types of armour.
You have claws for hands.
Your natural rate of healing is unusually fast.
You are covered in fur. (AC +1)
You have tough skin. (AC +1)


Message History

You destroy the flying skull!
Trog accepts your kill. The flying skull completely misses you.
You closely miss the flying skull. You miss the flying skull.
The flying skull hits you but does no damage.
The flying skull misses you.
You barely miss the flying skull. The flying skull hits you.
* * * LOW HITPOINT WARNING * * *
The flying skull hits you but does no damage.
You eviscerate the flying skull!!!
You destroy the flying skull!
Trog accepts your kill.
You claw the flying skull!
The flying skull is severely damaged.
The flying skull hits you!
* * * LOW HITPOINT WARNING * * *
You miss the flying skull.
The flying skull is severely damaged.
The flying skull hits you!
* * * LOW HITPOINT WARNING * * *
The flying skull hits you!
* * * LOW HITPOINT WARNING * * *
You claw the flying skull!
You destroy the flying skull!
Trog accepts your kill.
Your Unarmed Combat skill increases to level 16!
You claw the flying skull!
The flying skull is almost destroyed.
The flying skull barely misses you.
You mangle the flying skull!!
You destroy the flying skull!
Trog accepts your kill. The flying skull hits you!
* * * LOW HITPOINT WARNING * * *
You barely miss the flying skull. You claw the flying skull!
The flying skull is heavily damaged.
The flying skull hits you!
You die...

#####~~#+++#°°'##
####~~~.°°○○°zzz#
...#~~~~.##'##zz#
...#~~~~##.#.##z####
∩..#~~~~#..#..#.z..#
.⌠.#~~####.#.####..##
∩..#~##.###†###.##..#
...#~#...##.##.z##..#
...+~+.#)'.<.†##@z..###
...#~#...##.##..##....###.
▓###~##.###'###.##......~~
####~~####.#.####~~..§..~#
##†~~#..#..#~~~~~~~..~#
#'#~##...##~~~~~~~~§~#
#.#~~##+##§~~§§≈~~§§~#
####~~~~~~~§~~≈≈≈≈~~~#
#+++#+++#~≈§≈§§≈§~#


You could see 2 flying skulls.

Vanquished Creatures
  2 boulder beetles (D)
  A merfolk siren (D)
  A blink frog (D)
  10 flying skulls (D)
  A water moccasin (D)
  4 necrophages (D)
  4 scorpions (D)
23 creatures vanquished.

Vanquished Creatures (others)
  Menkaure (D)
  A water moccasin (D)
2 creatures vanquished.

Grand Total: 25 creatures vanquished

Notes
Turn   | Place    | Note
-------+----------+-------------------------------------------
     0 | D        | sircluck the Troll Berserker began the quest for the Orb.
     0 | D        | Reached XP level 1. HP: 22/22 MP: 0/0
     1 | D        | Noticed a boulder beetle
     1 | D        | Noticed a boulder beetle
     5 | D        | Noticed a merfolk siren
    11 | D        | Killed a merfolk siren
    12 | D        | Reached skill level 8 in Unarmed Combat
    12 | D        | Reached XP level 2. HP: 37/37 MP: 1/1
    12 | D        | Reached XP level 3. HP: 45/45 MP: 2/2
    12 | D        | Reached XP level 4. HP: 53/53 MP: 3/3
    12 | D        | Reached XP level 5. HP: 61/61 MP: 4/4
    12 | D        | Reached XP level 6. HP: 68/68 MP: 5/5
   114 | D        | Killed Menkaure
   116 | D        | Killed a water moccasin
   157 | D        | Reached ** piety under Trog
   158 | D        | Reached skill level 9 in Unarmed Combat
   164 | D        | Reached XP level 7. HP: 75/78 MP: 6/6
   174 | D        | Reached *** piety under Trog
   175 | D        | Reached skill level 10 in Unarmed Combat
   182 | D        | Reached skill level 11 in Unarmed Combat
   228 | D        | Killed a boulder beetle
   228 | D        | Reached **** piety under Trog
   229 | D        | Reached skill level 12 in Unarmed Combat
   229 | D        | Reached XP level 8. HP: 69/92 MP: 7/7
   235 | D        | Killed a boulder beetle
   236 | D        | Reached skill level 13 in Unarmed Combat
   236 | D        | Reached XP level 9. HP: 36/100 MP: 8/8
   320 | D        | Found Nyibut's Book Shoppe.
   320 | D        | Found Ocram's Jewellery Emporium.
   321 | D        | Found Iprunnoh's General Store.
   321 | D        | Found Jotusaq's Magic Scroll Emporium.
   321 | D        | Found Suribi's Antique Armour Emporium.
   322 | D        | Found Gopez's Magic Scroll Shoppe.
   322 | D        | Found Wethracle's Distillery.
   322 | D        | Found Xuasic's Jewellery Emporium.
   322 | D        | Found Zuunk's Antique Weapon Shoppe.
   323 | D        | Found Ullouh's Antique Armour Shoppe.
   323 | D        | Found Esear's Magic Scroll Emporium.
   323 | D        | Found Diqean's Jewellery Shoppe.
   323 | D        | Noticed a cane toad
   323 | D        | Noticed a cane toad
   346 | D        | Reached skill level 14 in Unarmed Combat
   382 | D        | Noticed an orange crystal statue
   423 | D        | Reached skill level 10 in Fighting
   424 | D        | Reached ***** piety under Trog
   425 | D        | Reached skill level 10 in Dodging
   425 | D        | Reached skill level 15 in Unarmed Combat
   450 | D        | Reached skill level 16 in Unarmed Combat
   451 | D        | HP: 5/153 [flying skull (7)]
   453 | D        | Slain by a flying skull

Illustrated notes

Levels and vault maps discovered:
D:        the_violet_keep_of_menkaure [sprint2_stairs_cluster_1,
          sprint2_shoproom, sprint2_temple, sprint2_basic_supplies,
          sprint2_obstacle_4, sprint2_obstacle_6, sprint2_obstacle_1,
          sprint2_obstacle_2, sprint2_obstacle_7, sprint2_timed_cluster_1,
          sprint2_smallroom_cluster_1, sprint2_smallroom_final_cluster_1,
          sprint2_transparent_cluster_1, sprint2_second_timed_cluster_1,
          sprint2_sniper_area_1, sprint2_heavy_combat_area_1,
          sprint2_mutation_trap_area_1, sprint2_forest_area_1,
          sprint2_light_combat_area_1, sprint2_behind_water_1,
          sprint2_near_end_vault_1]

Skill      XL: |  1  2  3  4  5  6  7  8  9 |
---------------+----------------------------+-----
Fighting       | 6 7 9 10 | 10.6
Dodging        | 6 7 8 9 10 | 10.5
Unarmed Combat | 8 9 12 13 16 | 16.1

Action                     |  1- 3 |  4- 6 |  7- 9 || total
---------------------------+-------+-------+-------++-------
  Melee: Unarmed           |     4 |    10 |    73 ||    87
         Punch             |       |       |     6 ||     6
 Invoke: Berserk           |     1 |       |     2 ||     3
    Use: Potion            |       |       |     2 ||     2
         Scroll            |       |       |     1 ||     1
 Armour: Animal skin       |       |     3 |    15 ||    18
  Dodge: Dodged            |     2 |     3 |    25 ||    30

Table legend: (Time is in decaauts)
 A = Elapsed time spent in this place.
 B = Non-inter-level travel time spent in this place.
 C = Inter-level travel time spent in this place.
 D = Time resting spent in this place.
 E = Time spent auto-exploring this place.
 F = Levels seen in this place.
 G = Mean time per level.
                   A        B        C        D        E       F      G
               +--------+--------+--------+--------+--------+-----+--------+
         Total |    442 |    422 |     20 |    249 |      5 |   1 |  442.0 |
       Dungeon |    442 |    422 |     20 |    249 |      5 |   1 |  442.0 |
               +--------+--------+--------+--------+--------+-----+--------+

Top non-repeatable levels by time:
       D: 442 daAuts
